 Dungeon Crawl Stone Soup version 0.17-b1-20-g63edfd6 (webtiles) character file.

1665 dvd the Covert (level 9, -1/61 HPs)
             Began as an Octopode Monk on Nov 4, 2015.
             Was a High Priest of Cheibriados.
             Slain by an orc wizard
             ... wielding a +0 dagger
              (4 damage)
             ... on level 6 of the Dungeon.
             The game lasted 00:22:22 (5167 turns).

dvd the Covert (Octopode Monk)                      Turns: 5167, Time: 00:22:22

Health: -1/61      AC:  1    Str: 23    XL:     9   Next: 1%
Magic:  5/11       EV: 18    Int: 23    God:    Cheibriados [*****.]
Gold:   301        SH:  0    Dex: 29    Spells: 1 memorised, 7 levels left

rFire  . . .     SeeInvis .       - Unarmed
rCold  + . .     Clarity  .     (no shield)
rNeg   + + .     SustAt   .     (helmet restricted)
rPois  .         Gourm    .     (no amulet)
rElec  .         Spirit   .     l - +2 ring of dexterity
rCorr  .         Warding  .     m - ring of positive energy
rMut   .         Stasis   .     v - ring of positive energy
MR     .....                    (no ring)
Stlth  +++++++...               (no ring)
                                (no ring)
                                (no ring)
                                (no ring)

@: very slow, not resistant to hostile enchantments, extremely stealthy
A: almost no armour, amphibious, 8 rings, constrict 8, camouflage 1, cold
resistance 1, mutation resistance 1, gelatinous body 1, MP-powered wands
a: Bend Time, Temporal Distortion, Slouch, Step From Time, Renounce Religion


You were on level 6 of the Dungeon.
You worshipped Cheibriados.
Cheibriados was extremely pleased with you.
You were very hungry.

You visited 1 branch of the dungeon, and saw 6 of its levels.

You collected 301 gold pieces.

Inventory:

Hand Weapons
 A - a +1 short sword of protection
Missiles
 j - 10 sling bullets of flame
 t - 7 tomahawks (quivered)
 u - 9 sling bullets
 w - 16 arrows of frost
 x - 57 arrows
 D - 5 tomahawks of returning
Jewellery
 l - a +2 ring of dexterity (left tentacle)
 m - a ring of positive energy (right tentacle)
 v - a ring of positive energy (on tentacle)
Scrolls
 c - 6 scrolls of identify {unknown}
 e - 3 scrolls of remove curse {unknown}
 f - 2 scrolls of noise {unknown}
 g - a scroll of random uselessness {unknown}
 r - a scroll of enchant weapon {unknown}
 y - a scroll of teleportation {unknown}
 G - a scroll of blinking {unknown}
Potions
 b - a potion of beneficial mutation {unknown}
 h - a potion of haste {unknown}
 i - 2 potions of magic {unknown}
 k - a potion of lignification {unknown}
 n - 2 potions of curing
 p - 3 potions of mutation
 q - 2 potions of brilliance {unknown}
 s - a potion of ambrosia {unknown}
 z - a potion of might {unknown}
 C - a potion of heal wounds {unknown}
 E - a potion of agility {unknown}
Books
 F - a book of Debilitation

   Spells                             Type                      Level
   a - Corona                         Hexes                        1
   b - Slow                           Hexes                        2
   c - Gell's Gravitas                Hexes/Translocation          3
   d - Inner Flame                    Hexes/Fire                   3
   e - Cause Fear                     Hexes                        4
   f - Leda's Liquefaction            Hexes/Earth                  4
Comestibles
 a - 5 bread rations
 d - 4 meat rations
 o - 2 beef jerkies
 B - 2 slices of pizza


   Skills:
 + Level 5.6 Fighting
 + Level 5.6 Dodging
 + Level 9.3 Stealth
 + Level 6.6 Unarmed Combat
 * Level 3.1 Invocations


You had 7 spell levels left.
You knew the following spells:

 Your Spells              Type           Power        Failure   Level  Hunger
a - Corona                Hex            #......      17%         1    ##.....


Dungeon Overview and Level Annotations

Branches:
Dungeon (6/15)
 Temple: D:4-7

Altars:
Cheibriados
Sif Muna
Zin


Innate Abilities, Weirdness & Mutations

You cannot wear most types of armour.
You are amphibious.
You can wear up to eight rings at the same time.
You can use your tentacles to constrict eight enemies at once.
Your skin changes colour to match your surroundings (Stealth).
Your rubbery body absorbs attacks (AC +1).
Your flesh is cold resistant.
You are somewhat resistant to further mutation.
You expend magic power (3 MP) to strengthen your wands.


Message History

You tentacle-slap the orc warrior. You grab the orc warrior.
The orc warrior is heavily wounded.
You constrict the orc warrior, but do no damage.
The gnoll misses you. The orc hits you with a club.
* * * LOW HITPOINT WARNING * * *
The orc barely misses you.
You tentacle-slap the orc wizard but do no damage.
Your grab misses the orc wizard. You constrict the orc warrior.
The orc warrior hits you with a flail!
* * * LOW HITPOINT WARNING * * *
The gnoll barely misses you. The orc closely misses you.
You tentacle-slap the orc wizard. Your grab misses the orc wizard.
The orc wizard is heavily wounded.
You constrict the orc warrior. The orc completely misses you.
You tentacle-slap the orc warrior. You squeeze the orc warrior.
The orc warrior is almost dead.
You constrict the orc warrior. The gnoll misses you.
The orc warrior struggles to escape constriction.
The orc wizard hits you with a dagger.
You die...

#..?........
#........... .
##..........#
..#..........#
.........>...#
#...goo....#
#.ogooo..# #oo@o..#
###†..### ##....##
###########...##
###........###...#
#...<.........##...#
#..>..[.......##
...#
#..............#
#..#
#..............## ..


You could see an orc warrior, an orc wizard, 2 gnolls and 7 orcs.

Vanquished Creatures
  Menkaure (D:4)
  Duvessa (D:4)
  An orc warrior (D:6)
  An ogre (D:4)
  3 phantoms
  Dowan (D:4)
  2 scorpions (D:5)
  A crimson imp (D:5)
  6 orc wizards
  A centaur skeleton (D:4)
  A jelly (D:5)
  A giant frog skeleton (D:5)
  3 orc priests
  Terence (D:3)
  7 worker ants
  A hound skeleton (D:5)
  A worker ant zombie (D:5)
  8 gnolls
  5 adders
  2 shadow imps (D:5)
  An adder zombie (D:5)
  An ooze (D:2)
  3 worms
  2 giant geckos
  20 orcs
  8 bats
  5 giant cockroaches
  6 goblins
  8 hobgoblins
  4 jackals (D:1)
  2 ball pythons
  A giant cockroach zombie (D:5)
  7 giant newts
  7 kobolds
  A quokka (D:2)
  7 rats
131 creatures vanquished.

Notes
Turn   | Place    | Note
--------------------------------------------------------------
     0 | D:1      | dvd the Octopode Monk began the quest for the Orb.
     0 | D:1      | Reached XP level 1. HP: 16/16 MP: 1/1
    27 | D:1      | Reached XP level 2. HP: 17/21 MP: 2/2
   923 | D:2      | Reached XP level 3. HP: 17/26 MP: 3/3
  1199 | D:2      | Found a glowing silver altar of Zin.
  1340 | D:2      | Reached XP level 4. HP: 22/31 MP: 4/4
  1619 | D:2      | Found a snail-covered altar of Cheibriados.
  1628 | D:2      | Became a worshipper of Cheibriados the Contemplative
  1628 | D:2      | Reached * piety under Cheibriados
  1628 | D:2      | Reached ** piety under Cheibriados
  1884 | D:3      | Noticed Terence
  1897 | D:3      | Killed Terence
  2080 | D:3      | Reached XP level 5. HP: 32/36 MP: 5/5
  2188 | D:3      | Reached skill level 5 in Stealth
  2469 | D:4      | Noticed an ogre
  2480 | D:4      | Killed an ogre
  2480 | D:4      | Reached skill level 5 in Unarmed Combat
  2480 | D:4      | Reached XP level 6. HP: 22/43 MP: 6/6
  2699 | D:4      | Noticed a phantom
  2727 | D:4      | Killed a phantom
  2727 | D:4      | Reached skill level 6 in Stealth
  2824 | D:4      | Noticed a phantom
  2828 | D:4      | Reached *** piety under Cheibriados
  2856 | D:4      | Killed a phantom
  3108 | D:4      | Noticed Menkaure
  3253 | D:4      | Reached XP level 7. HP: 44/48 MP: 7/7
  3290 | D:4      | Noticed Duvessa
  3296 | D:4      | Noticed Dowan
  3683 | D:4      | Found a deep blue altar of Sif Muna.
  3813 | D:4      | Killed Duvessa
  3813 | D:4      | Reached skill level 5 in Dodging
  3885 | D:4      | Killed Dowan
  3885 | D:4      | Reached **** piety under Cheibriados
  3885 | D:4      | Reached skill level 7 in Stealth
  3948 | D:4      | Killed Menkaure
  3948 | D:4      | Reached skill level 1 in Invocations
  3948 | D:4      | Reached XP level 8. HP: 41/54 MP: 4/8
  4073 | D:5      | Entered Level 5 of the Dungeon
  4195 | D:5      | Reached skill level 5 in Fighting
  4593 | D:5      | Reached skill level 8 in Stealth
  4744 | D:5      | Reached ***** piety under Cheibriados
  4841 | D:5      | Reached skill level 9 in Stealth
  5048 | D:5      | Learned a level 1 spell: Corona
  5158 | D:6      | Reached XP level 9. HP: 13/61 MP: 7/11
  5159 | D:6      | Gained mutation: Your flesh is cold resistant. [potion of mutation]
  5159 | D:6      | Gained mutation: You are somewhat resistant to further mutation. [potion of mutation]
  5159 | D:6      | Gained mutation: You expend magic power (3 MP) to strengthen your wands. [potion of mutation]
  5165 | D:6      | HP: 2/61 [orc warrior/flail (10)]
  5167 | D:6      | Slain by an orc wizard

Action                   |  1- 3 |  4- 6 |  7- 9 || total
-------------------------+-------+-------+-------++-------
Melee: Unarmed           |    65 |    87 |   147 ||   299
Invok: Bend Time         |       |       |     3 ||     3
  Use: Potion            |       |       |     2 ||     2
 Stab: Sleeping          |    13 |    10 |    19 ||    42
       Distracted        |       |     1 |     1 ||     2
  Eat: Chunk             |     1 |     3 |     3 ||     7
